 Dungeon Crawl Stone Soup version 0.31-a0-234-gad7ace16ef (webtiles) character file.

Game seed: 1489392820364990088

63 qw the Shooter (level 3, -2/29 HPs)
             Began as a Minotaur Hexslinger on July 9, 2023.
             Killed from afar by an orc wizard (10 damage)
             ... with a puff of flame
             ... on level 3 of the Dungeon.
             The game lasted 00:00:32 (1476 turns).

qw the Shooter (Minotaur Hexslinger)                Turns: 1476, Time: 00:00:33

Health: -2/29      AC:  5    Str: 12    XL:     3   Next: 89%
Magic:  3/3        EV: 11    Int: 10    God:
Gold:   89         SH:  0    Dex: 14    Spells: 3/4 levels left

rFire   . . .        Y - +1 sling
rCold   . . .        (no shield)
rNeg    . . .        g - +0 ring mail
rPois   .            (helmet restricted)
rElec   .            (no cloak)
rCorr   .            (no gloves)
SInv    .            (no boots)
Will    +....        (no amulet)
Stlth   +            i - ring of willpower
HPRegen 0.24/turn    (no ring)
MPRegen 0.08/turn

%: no passive effects
@: no status effects
A: horns 2, retaliatory headbutt
a: no special abilities


You were on level 3 of the Dungeon.
You visited 1 branch of the dungeon, and saw 3 of its levels.

You collected 89 gold pieces.


Innate Abilities, Weirdness & Mutations

You have a pair of horns on your head.
You reflexively headbutt those who attack you in melee.


   Skills:
 - Level 2.0 Fighting
 + Level 4.1 Ranged Weapons
 - Level 1.2 Armour
 - Level 2.1 Dodging
 - Level 1.0 Spellcasting
 - Level 2.0 Hexes


You had 3 spell levels left.
You knew the following spells:

 Your Spells              Type           Power      Damage    Failure   Level
a - Slow                  Hex            16%        N/A       34%         1

Your spell library contained the following spells:

 Spells                   Type           Power      Damage    Failure   Level
 Inner Flame              Hex/Fire       2%         N/A       83%         3
 Portal Projectile        Hex/Tloc       4%         N/A       83%         3
 Cause Fear               Hex            2%         N/A       98%         4

Inventory:

Hand Weapons
 Y - a +1 sling (weapon)
Armour
 g - a +0 ring mail (worn)
Jewellery
 i - a ring of willpower (left hand)
Scrolls
 h - a scroll of identify
Potions
 a - a potion of curing
 c - a potion of enlightenment

Dungeon Overview and Level Annotations

Branches:
Dungeon (3/15)

Altars:


Message History

The orc barely misses you.
You shoot a sling bullet. The sling bullet hits the orc!
You kill the orc!
The orc wizard hits you with a +0 dagger.
An orc comes into view. It is wielding a +0 flail.
The orc wizard hits you with a +0 dagger.
You shoot a sling bullet.
The sling bullet barely misses the orc wizard.
The sling bullet closely misses the orc.
An orc comes into view. It is wielding a +0 hand axe.
The orc wizard completely misses you.
You shoot a sling bullet. The sling bullet hits the orc wizard.
The orc wizard is moderately wounded.
The orc misses you.
The orc wizard hits you but does no damage.
You shoot a sling bullet.
The sling bullet closely misses the orc wizard.
The orc wizard hits you with a +0 dagger.
The orc hits you with a +0 flail. The orc barely misses you.
The orc hits you but does no damage. The orc barely misses you.
The orc wizard hits you with a +0 dagger.
You shoot a sling bullet.
The sling bullet hits the orc wizard but does no damage.
The orc wizard is moderately wounded.
The orc hits you with a +0 hand axe.
The orc wizard hits you but does no damage.
The orc hits you with a +0 flail.
You shoot a sling bullet.
The sling bullet closely misses the orc wizard.
The orc wizard hits you but does no damage.
The orc barely misses you. You furiously retaliate!
You headbutt the orc, but do no damage. The orc hits you with a +0 hand axe.
You shoot a sling bullet. The sling bullet hits the orc wizard.
The orc wizard is heavily wounded.
The orc wizard closely misses you. You furiously retaliate!
You headbutt the orc wizard. The orc closely misses you. x2
You furiously retaliate!
You headbutt the orc. The orc wizard casts a spell at you.
The puff of flame hits you!
You die...

.#..# #.. ....# #.###
#.# #...# #.# #.#
#...# #.# #.#
#..<######
#.#####.####.........
#.............# #
#######.#####.######.#
#.# #...o)....# #.#
#...o@o...# #.#
#).####......
........# .####
####.#..+ # #.#.o# #
.... #..o. #....


You could see an orc wizard and 2 orcs.

Vanquished Creatures
  2 adders (D:2)
  2 worms (D:2)
  2 dart slugs
  2 orcs (D:3)
  2 endoplasms
  2 giant cockroaches
  6 goblins
  2 hobgoblins (D:1)
  A ball python (D:2)
  2 bats
  A frilled lizard (D:1)
  4 kobolds
  7 rats
35 creatures vanquished.

Notes
Turn   | Place    | Note
-------+----------+-------------------------------------------
     0 | D:1      | qw the Minotaur Hexslinger began the quest for the Orb.
     0 | D:1      | Reached XP level 1. HP: 16/16 MP: 1/1
     0 | D:1      | 0 ||| qw: Version: 0.3-a-51-g015441d
     0 | D:1      | 0 ||| qw: Game counter: 4193
     0 | D:1      | 0 ||| qw: Melee chars always use a shield: true
     0 | D:1      | 0 ||| qw: God list: Okawaru
     0 | D:1      | 0 ||| qw: Allow faded altars: false
     0 | D:1      | 0 ||| qw: Do Orc after clearing Dungeon:15 true
     0 | D:1      | 0 ||| qw: Do second Lair branch before Depths: true
     0 | D:1      | 0 ||| qw: Lair rune preference: random
     0 | D:1      | 0 ||| qw: Goals: Normal
     0 | D:1      | 0 ||| PLANNING D:1-11
   146 | D:1      | Reached skill level 3 in Ranged Weapons
   166 | D:1      | Reached XP level 2. HP: 23/23 MP: 2/2
   717 | D:1      | 717 ||| UPGRADING to +0 ring mail.
   727 | D:1      | 727 ||| DROPPING +0 robe.
   728 | D:1      | 728 ||| DROPPING ring of flight.
   729 | D:1      | 729 ||| UPGRADING to ring of willpower.
   730 | D:1      | 730 ||| READING scroll labelled ZUETUE FIQOCS.
   731 | D:1      | 731 ||| READING scroll labelled RASCHE HASMOPN.
   732 | D:1      | 732 ||| READING 2 scrolls labelled ZEUKHAA MINNO.
   733 | D:1      | 733 ||| DROPPING scroll of poison.
   833 | D:2      | Reached XP level 3. HP: 29/29 MP: 3/3
  1056 | D:2      | Reached skill level 4 in Ranged Weapons
  1361 | D:2      | Reached skill level 1 in Armour
  1381 | D:2      | 1381 ||| DROPPING ring of wizardry.
  1382 | D:2      | 1382 ||| READING scroll labelled YXIEKAHUESO.
  1383 | D:2      | 1383 ||| READING scroll labelled IHIFUU VASONIH.
  1384 | D:2      | 1384 ||| DRINKING 2 murky orange potions.
  1385 | D:2      | 1385 ||| DRINKING 2 green potions.
  1462 | D:3      | 1462 ||| Stepping ~*~*~tactically~*~*~ (outnumbered).
  1463 | D:3      | 1463 ||| Stepping ~*~*~tactically~*~*~ (outnumbered).
  1475 | D:3      | HP: 7/29 [orc/+0 hand axe (4)]
  1476 | D:3      | Killed from afar by an orc wizard

Levels and vault maps discovered:
D:1:      dpeg_arrival_rooms_b, layout_loops_ring
D:2:      layout_basic
D:3:      layout_loops_ring, mainiacjoe_overflow_surrounded_room,
          mainiacjoe_overflow_paths, grunt_decor_resistance,
          serial_bayou_pond_a, corexii_shack

Skill      XL: |  1  2  3 |
---------------+----------+-----
Ranged Weapons | 3 4 |  4.1
Fighting       | 2 |  2.0
Armour         | 1 |  1.2
Dodging        | |  2.1
Spellcasting   | |  1.0
Hexes          | |  2.0

Action                     || total
---------------------------++-------
   Fire: Sling             ||   114
    Use: Scroll            ||     5
         Potion            ||     2
 Armour: Ring mail         ||    13
         Robe              ||     1
  Dodge: Dodged            ||    27

Table legend:
 A = Non-vault XP
 B = Vault XP
 C = Vault XP percentage of total XP
 D = Non-vault monster count
 E = Vault monster count
 F = Vault count percentage of total count
                 A         B        C        D         E       F
            +---------+---------+-------+---------+---------+-------
      Total |      91 |       0 |   0.0 |      35 |       0 |   0.0
            +---------+---------+-------+---------+---------+-------
        D:1 |      26 |       0 |   0.0 |      16 |       0 |   0.0
        D:2 |      54 |       0 |   0.0 |      15 |       0 |   0.0
        D:3 |      11 |       0 |   0.0 |       4 |       0 |   0.0
            +---------+---------+-------+---------+---------+-------
